 Dungeon Crawl Stone Soup version 0.30.0-29-ga12c61a403 (webtiles) character file.

Game seed: 3335050448240369411

235 monsoonserge the Grave Robber (level 5, 0/37 HPs)
             Began as a Mummy Necromancer on June 11, 2023.
             Slain by an orc priest
             ... wielding a +0 mace
              (3 damage)
             ... on level 4 of the Dungeon.
             The game lasted 00:09:54 (2229 turns).

monsoonserge the Grave Robber (Mummy Necromancer)   Turns: 2229, Time: 00:09:54

Health: 0/37       AC:  4    Str: 11    XL:     5   Next: 76%
Magic:  1/9        EV: 11    Int: 16    God:
Gold:   108        SH:  0    Dex: 13    Spells: 2/10 levels left

rFire   . . .        p - +2 club (spect)
rCold   + + .        (no shield)
rNeg    + + +        j - +0 leather armour
rPois   ∞            k - +0 helmet
rElec   .            l - scarf {rC+ rF+}
rCorr   .            (no gloves)
SInv    .            (no boots)
Will    .....        (no amulet)
Stlth   ++           (no ring)
HPRegen 0.26/turn    (no ring)
MPRegen 0.11/turn

%: faith
@: no status effects
A: cold resistance 1, negative energy resistance 3, torment resistance 2, heat
vulnerability 1, in touch with death 1, no potions, faith
a: no special abilities


You were on level 4 of the Dungeon.
You visited 1 branch of the dungeon, and saw 6 of its levels.

You collected 108 gold pieces.

Inventory:

Hand Weapons
 a - a +0 short sword
 b - a +0 club
 c - a +0 dagger
 g - a +0 hand axe
 m - a +0 trident
 p - a +2 spectral club (weapon)
Missiles
 d - 43 stones
Armour
 e - a +0 ring mail
 j - a +0 leather armour (worn)
 k - a +0 helmet (worn)
 l - a scarf of resistance (worn)
 n - a +0 scale mail
 q - a +0 chain mail
Wands
 o - a wand of paralysis (4)
Scrolls
 f - a scroll of brand weapon {unknown}
 h - a scroll of butterflies {unknown}
 i - a scroll of blinking {unknown}
 r - a scroll of acquirement {unknown}
 s - a scroll of identify {unknown}


   Skills:
 + Level 1.0 Fighting
 + Level 0.3(0.4) Axes
 + Level 0.1(0.3) Polearms
 * Level 2.1 Armour
 + Level 1.8 Dodging
 - Level 2.0 Stealth
 * Level 3.1 Spellcasting
 * Level 5.6 Necromancy


You had 2 spell levels left.
You knew the following spells:

 Your Spells              Type           Power      Damage    Failure   Level
a - Necrotise             Necr           100%       1d9       2%          1
b - Vampiric Draining     Necr           31%        2d8       7%          3
c - Animate Dead          Necr           31%        N/A       24%         4

Your spell library contained the following spells:

 Spells                   Type           Power      Damage    Failure   Level
 Agony                    Necr           31%        N/A       54%         5
 Hailstorm                Conj/Ice       2%         3d3       58%         3
 Simulacrum               Ice/Necr       8%         N/A       100%        6
 Ice Form                 Ice/Tmut       Unusable   N/A       N/A         4

Dungeon Overview and Level Annotations

Branches:
Dungeon (6/15)
 Temple: D:4-7

Altars:
Okawaru

Shops:
D:1 *

Annotations:
D:2 Sigmund
D:5 Dowan, Duvessa


Innate Abilities, Weirdness & Mutations

You are immune to poison.
Your flesh is cold resistant. (rC+)
You are immune to negative energy. (rN+++)
You are immune to unholy pain and torment.
You are vulnerable to heat. (rF-)
You are in touch with the powers of death.
You do not drink.
You have a special connection with the divine. (Faith)


Message History

You kill the hound!
The dead are walking!
The orc priest mumbles some strange prayers to Beogh against you.
Beogh smites you! The ball python bites you. The ball python barely misses you.
Unknown command.
You hit the ball python.
You kill the ball python!
Your hound skeleton closely misses the orc wizard.
The orc wizard mumbles some strange words.
The orc wizard flickers and vanishes!
Unknown command.
You closely miss something.
Your +2 spectral club closely misses something.
Your hound skeleton misses something.
Something closely misses your +2 spectral club.
Your hound skeleton bites something.
Unknown command.
You hit the orc priest.
The orc priest is lightly wounded.
Your +2 spectral club misses the orc priest.
The orc priest hits your +2 spectral club with a +0 mace!
Your spectral weapon shares its damage with you!
The orc hits you but does no damage. Something hits you.
Your hound skeleton closely misses something.
The orc priest mumbles some strange prayers to Beogh against you.
Beogh smites you!
* * * LOW HITPOINT WARNING * * *
You hear some strange, mumbled words.
Something tries to affect you, but you resist.
Your hound skeleton misses something.
Casting: Necrotise (safe; 2% risk of failure)
Confirm with . or Enter, or press ? or * to list all spells.
Aiming: Necrotise (safe; 2% risk of failure)
Press: ? - help, Shift-Dir - straight line, f - orc priest
Aim: an orc priest, wielding a +0 mace and wearing a +0 leather armour (lightly wounded, ally target, chance to affect: 83%)
You feel a surge of power!
The orc priest writhes in agony!
Your +2 spectral club disappears.
Your hound skeleton barely misses something.
The orc priest hits you with a +0 mace.
You die...

#### .....
###......
#@....[..
#†o{Z.....
#.o.......
#.....###.
#...).#
#......
#......#
#......#


You could see an orc priest (ally target), an orc and a friendly hound skeleton.

Vanquished Creatures
  2 hounds (D:4)
  Ijyb (D:3)
  Terence (D:3)
  Natasha (twice) (D:3)
  An orc wizard (D:3)
  2 adders (D:3)
  3 orcs (D:3)
  4 ball pythons
  5 endoplasms
  A giant cockroach (D:3)
  A hobgoblin (D:1)
  4 kobolds
  3 quokkas
  A bat (D:3)
  2 frilled lizards (D:1)
  5 rats (D:1)
38 creatures vanquished.

Vanquished Creatures (collateral kills)
  A hobgoblin (D:3)
1 creature vanquished.

Grand Total: 39 creatures vanquished

Notes
Turn   | Place    | Note
-------+----------+-------------------------------------------
     0 | D:1      | monsoonserge the Mummy Necromancer began the quest for the
                  | Orb.
     0 | D:1      | Reached XP level 1. HP: 13/13 MP: 4/4
   146 | D:1      | Reached XP level 2. HP: 15/19 MP: 0/5
   249 | D:1      | Found Ustutij's General Store.
  1111 | D:2      | Noticed Sigmund
  1188 | D:3      | Noticed Natasha
  1361 | D:3      | Killed Natasha
  1362 | D:3      | Gained mutation: You are in touch with the powers of death.
                  | [Mummy growth]
  1362 | D:3      | Reached XP level 3. HP: 2/25 MP: 1/7
  1475 | D:3      | Learned a level 3 spell: Vampiric Draining
  1520 | D:3      | Noticed Terence
  1532 | D:3      | Killed Terence
  1533 | D:3      | Reached skill level 5 in Necromancy
  1533 | D:3      | Reached XP level 4. HP: 11/31 MP: 1/8
  1643 | D:3      | Reached skill level 1 in Armour
  1714 | D:3      | Noticed Ijyb
  1720 | D:3      | Paralysed by Ijyb for 5 turns
  1729 | D:3      | Killed Ijyb
  1861 | D:3      | Noticed Natasha
  1863 | D:3      | Killed Natasha
  1864 | D:3      | Reached XP level 5. HP: 36/36 MP: 6/9
  1869 | D:3      | Learned a level 4 spell: Animate Dead
  1941 | D:3      | Reached skill level 1 in Fighting
  2065 | D:3      | You fall into a shaft and drop 3 floors!
  2103 | D:6      | Noticed a sky beast
  2115 | D:5      | Entered Level 5 of the Dungeon
  2186 | D:5      | Noticed Duvessa
  2189 | D:5      | Noticed Dowan
  2204 | D:5      | Found an iron altar of Okawaru.
  2229 | D:4      | Slain by an orc priest

Illustrated notes

Levels and vault maps discovered:
D:1:      dpeg_arrival_ratfight, layout_basic, serial_shops,
          nicolae_diamond_shop
D:2:      minmay_angry_zag, layout_loops_ring, uniq_sigmund
D:3:      layout_basic, uniq_terence, uniq_natasha, uniq_ijyb, uniq_robin
D:4:      minmay_recursive_quarters, layout_basic,
          minmay_temple_entry_offerings, kennysheep_crisscross
D:5:      layout_basic, lemuel_round_altar, uniq_duvessa
D:6:      layout_cave_pods, serial_shops, shop, shop, serial_bayou,
          serial_bayou_pond_b, serial_bayou_pond_e, serial_bayou_pond_b,
          serial_bayou_ford_a, uniq_blork_the_orc, uniq_pikel, uniq_menkaure,
          uniq_maggie, uniq_eustachio

Skill      XL: |  1  2  3  4  5 |
---------------+----------------+-----
Spellcasting   | 3 |  3.1
Stealth        | 2 |  2.0
Necromancy     | 5 |  5.6
Armour         | 1 2 |  2.1
Fighting       | 1 |  1.0
Axes           | |  0.3
Polearms       | |  0.1
Dodging        | |  1.8

Action                     |  1- 3 |  4- 6 || total
---------------------------+-------+-------++-------
  Melee: Unarmed           |     4 |       ||     4
         Hand axe          |    14 |     1 ||    15
         Trident           |       |     7 ||     7
         Club              |       |    22 ||    22
   Cast: Necrotise         |    51 |    20 ||    71
         Vampiric Draining |       |     4 ||     4
    Use: Scroll            |     2 |       ||     2
   Stab: Sleeping          |     2 |     1 ||     3
 Armour: Robe              |     2 |       ||     2
         Leather armour    |     4 |    19 ||    23
  Dodge: Dodged            |    30 |    25 ||    55
